 Dungeon Crawl Stone Soup version 0.20-a0-640-g62ed22f (webtiles) character file.

357 polly the Shield-Bearer (level 6, -3/48 HPs)
             Began as a Formicid Fighter on Feb 12, 2017.
             Slain by Menkaure (15 damage)
             ... on level 4 of the Dungeon.
             The game lasted 00:03:15 (2061 turns).

polly the Shield-Bearer (Formicid Fighter)          Turns: 2061, Time: 00:03:15

Health: -3/48      AC:  9    Str: 22    XL:     6   Next: 96%
Magic:  6/6        EV:  9    Int:  7    God:
Gold:   185        SH: 10    Dex: 11    Spells: 5/5 levels left

rFire    . . .     SeeInvis +   a - +0 war axe
rCold    . . .     Gourm    .   b - +0 scale mail
rNeg     . . .     Faith    .   c - +0 shield
rPois    .         Spirit   .   (helmet unavailable)
rElec    .         Reflect  .   (no cloak)
rCorr    .         Harm     .   l - +0 pair of gloves
MR       .....                  y - +0 pair of boots
Stlth    ..........             (no amulet)
Regen    0.2/turn               (no ring)
MPRegen  0.1/turn               (no ring)

@: no status effects
A: permanent stasis, dig shafts and tunnels, four strong arms, antennae 3
a: Dig, Shaft Self


You were on level 4 of the Dungeon.
You were not hungry.

You visited 1 branch of the dungeon, and saw 4 of its levels.
You also visited: Sewer.

You collected 185 gold pieces.

Inventory:

Hand Weapons
 a - a +0 war axe (weapon)
Armour
 b - a +0 scale mail (worn)
 c - a +0 shield (worn)
 l - a +0 pair of gloves (worn)
 y - a +0 pair of boots (worn)
Jewellery
 g - an uncursed ring of protection from cold {unknown}
 h - a +4 ring of intelligence {unknown}
 s - an uncursed amulet of magic regeneration {unknown}
Wands
 x - a wand of acid (4/15)
Scrolls
 e - a scroll of random uselessness {unknown}
 j - a scroll of enchant weapon {unknown}
 k - 2 scrolls of teleportation {unknown}
 n - a scroll of amnesia {unknown}
 o - a scroll of identify {unknown}
Potions
 d - a potion of might
 p - a potion of agility {unknown}
 q - 2 potions of cancellation {unknown}
 r - 2 potions of mutation {unknown}
 t - a potion of curing {unknown}
 u - 2 potions of flight {unknown}
 v - 2 potions of berserk rage {unknown}
 w - 2 potions of heal wounds {unknown}
Comestibles
 f - 3 bread rations
 i - a royal jelly
 m - a meat ration


   Skills:
 + Level 4.1 Fighting
 + Level 4.7 Axes
 + Level 4.0 Armour
 + Level 0.8 Dodging
 + Level 0.3 Stealth
 + Level 5.4 Shields


You had 5 spell levels left.
You didn't know any spells.

Dungeon Overview and Level Annotations

Branches:
Dungeon (4/15)
 Temple: D:4-7

Altars:
Trog

Annotations:
D:4 Menkaure


Innate Abilities, Weirdness & Mutations

You cannot be hasted, slowed, berserked, paralysed or teleported.
You can dig through walls and to a lower floor.
Your four strong arms can wield two-handed weapons with a shield.
You have a pair of large antennae on your head. (SInv)


Message History

You hit Menkaure but do no damage.
Menkaure is heavily damaged.
Menkaure gestures wildly while chanting.
Menkaure seems to speed up.
You barely miss Menkaure.
Menkaure is heavily damaged.
Menkaure hits you but does no damage. You block Menkaure's attack.
You slash Menkaure!
Menkaure is almost destroyed.
Menkaure hits you!
You barely miss Menkaure.
Menkaure is almost destroyed.
Menkaure gestures at you while chanting.
Pain shoots through your body!
* * * LOW HITPOINT WARNING * * *
Menkaure barely misses you.
You hit Menkaure but do no damage.
Menkaure is almost destroyed.
Menkaure hits you!
You die...

##...# #....# ###.
##....# #....
#.....# #....# .
##.....# #......
...#......##.......
........=.#.....%..
#...M@...<.......
###..............
###............
#...........#
##..........#
##........##
#.#......#
##.#...###


You could see Menkaure.

Vanquished Creatures
  A big kobold (Sewer)
  Jessica (D:2)
  Natasha (thrice) (D:2)
  Robin (D:3)
  3 gnolls (D:3)
  5 adders
  3 river rats (Sewer)
  2 oozes (D:3)
  A worm (D:2)
  2 leopard geckos (D:2)
  3 orcs
  2 giant cockroaches (D:3)
  9 goblins
  10 hobgoblins
  A jackal (Sewer)
  7 kobolds
  A quokka (D:2)
  4 bats
  5 frilled lizards
  7 rats
71 creatures vanquished.

Notes
Turn   | Place    | Note
-------+----------+-------------------------------------------
     0 | D:1      | polly the Formicid Fighter began the quest for the Orb.
     0 | D:1      | Reached XP level 1. HP: 18/18 MP: 1/1
   299 | D:1      | Reached XP level 2. HP: 24/24 MP: 2/2
   530 | D:2      | Found a bloodstained altar of Trog.
   580 | D:2      | Reached skill level 4 in Shields
   582 | D:2      | Reached XP level 3. HP: 29/30 MP: 3/3
   674 | D:2      | Noticed Natasha
   682 | D:2      | Killed Natasha
   682 | D:2      | Reached XP level 4. HP: 24/37 MP: 4/4
   709 | D:2      | Noticed Jessica
   719 | D:2      | Killed Jessica
   840 | D:2      | Noticed Natasha
   850 | D:2      | Killed Natasha
   850 | D:2      | Reached XP level 5. HP: 40/42 MP: 5/5
   853 | D:2      | Noticed Natasha
   866 | D:2      | Killed Natasha
   866 | D:2      | Reached skill level 5 in Shields
  1236 | D:3      | Noticed Robin
  1240 | D:3      | Reached XP level 6. HP: 44/48 MP: 6/6
  1255 | D:3      | Killed Robin
  1467 | D:3      | Found a glowing drain.
  1496 | Sewer    | Entered a sewer
  1781 | Sewer    | Found a white marble altar of Elyvilon.
  2043 | D:4      | Noticed Menkaure
  2061 | D:4      | Slain by Menkaure

Vault maps used:
D:1:      kennysheep_arrival_seaside, minivault_24
D:2:      trog_butcher_becter, uniq_natasha, uniq_jessica
D:3:      gup_sewer_entry_glass, kennysheep_generic_room_15, uniq_robin
D:4:      minivault_4, uniq_menkaure
Sewer:    sewer_kobolds

Skill      XL: |  1  2  3  4  5  6 |
---------------+-------------------+-----
Shields        | 4 5 |  5.4
Axes           | 3 4 |  4.7
Fighting       | 4 |  4.1
Armour         | 4 |  4.0
Dodging        | |  0.8
Stealth        | |  0.3

Action                   |  1- 3 |  4- 6 || total
-------------------------+-------+-------++-------
Melee: War axe           |    47 |   183 ||   230
  Eat: Chunk             |       |     4 ||     4
Armor: Scale mail        |    31 |    67 ||    98
Dodge: Dodged            |    17 |    68 ||    85
Block: Shield            |    24 |   103 ||   127
